 Dungeon Crawl Stone Soup version 0.19.0-2-gae57169 (webtiles) character file.

709 taqueso the Ducker (level 7, -5/36 HPs)
             Began as a Spriggan Gladiator on Nov 4, 2016.
             Slain by blobert's ghost (16 damage)
             ... on level 4 of the Dungeon.
             The game lasted 00:09:11 (4776 turns).

taqueso the Ducker (Spriggan Gladiator)             Turns: 4776, Time: 00:09:11

Health: -5/36      AC:  4    Str: 13    XL:     7   Next: 40%
Magic:  8/8        EV: 24    Int:  9    God:
Gold:   248        SH:  0    Dex: 19    Spells: 0 memorised, 6 levels left

rFire  . . .     SeeInvis +     a - +0 long sword
rCold  . . .     Gourm    .     b - +0 robe
rNeg   . . .     Faith    .     (shield restricted)
rPois  .         Spirit   .     c - +0 hat
rElec  .         Reflect  .     (no cloak)
rCorr  .         Harm     .     (gloves unavailable)
MR     +....                    (boots unavailable)
Stlth  ++........               (no amulet)
                                y - ring of flight
                                h - +4 ring of strength

@: very quick
A: unfitting armour, claws 1, icy blue scales 1, see invisible, herbivore 3,
speed 3, slow metabolism 2, weak 1
a: Evoke Flight


You were on level 4 of the Dungeon.
You were hungry.

You visited 1 branch of the dungeon, and saw 4 of its levels.

You collected 248 gold pieces.

Inventory:

Hand Weapons
 a - a +0 long sword (weapon)
Missiles
 d - 3 throwing nets {=f!f}
 j - 137 stones (quivered)
Armour
 b - a +0 robe (worn)
 c - a +0 hat (worn)
Jewellery
 h - a +4 ring of strength (left claw)
 y - a ring of flight (right claw)
Wands
 n - a wand of polymorph (10/24)
Scrolls
 l - 2 scrolls of amnesia
 v - a scroll of blinking
 A - a scroll of enchant weapon {unknown}
Potions
 p - a potion of haste
 q - a potion of brilliance
 t - a potion of flight {unknown}
 u - a potion of curing {unknown}
 w - a potion of degeneration {unknown}
 z - a potion of heal wounds {unknown}
 B - a potion of might {unknown}
Comestibles
 f - 3 bread rations
 o - a slice of pizza


   Skills:
 + Level 3.5 Fighting
 * Level 5.3 Long Blades
 - Level 2.0 Throwing
 + Level 7.5 Dodging


You had 6 spell levels left.
You didn't know any spells.

Dungeon Overview and Level Annotations

Branches:
Dungeon (4/15)
 Temple: D:4-7

Altars:
Dithmenos
Ru
Sif Muna
Xom

Annotations:
D:4 blobert's ghost, amateur GrBe


Innate Abilities, Weirdness & Mutations

You are very small and have problems with some larger weapons.
You are too small for most types of armour.
You have supernaturally acute eyesight. (SInv)
You are a herbivore.
You cover ground extremely quickly.
You need consume almost no food.
You have sharp fingernails.
You are partially covered in icy blue scales. (AC +2)
You are weak. (Str -2)


Message History

Blobert's ghost is lightly damaged.
Throwing (i - inventory. (,) - cycle):
j - 138 stones (quivered)
Press: ? - help, Shift-Dir - straight line, f/p - blobert's ghost
Aim: blobert's ghost (lightly damaged)
You throw a stone. The orc shouts!
The stone hits blobert's ghost but does no damage.
Blobert's ghost is lightly damaged.
You hit blobert's ghost.
Blobert's ghost is lightly damaged.
Blobert's ghost hits you!
You hit blobert's ghost but do no damage.
Blobert's ghost is lightly damaged.
Blobert's ghost barely misses you.
You hit blobert's ghost.
Blobert's ghost is moderately damaged.
Blobert's ghost says, "Very impressive.
But it won't help.
Nothing will."
Blobert's ghost hits you! Blobert's ghost hits you!
You die...

...#.≈≈≈.#.............# #......
...#≈...≈#.............# #......
...#≈._.≈#......(......# #....(.
...#≈...≈#....#.((%....# #.#.###
...#.≈≈≈.#......(###...# #...#
...#.....#...###(......######.###
..†.#...#.##..##o###..###........
####.#.#.####..#W# ##............
# ##.#.## ##.[@####............
######.######..)......#..........
..............#########..........
############### ##......... #
##...##... # ##### ### # #


You could see blobert's ghost and an orc.

Vanquished Creatures
  Sigmund (D:2)
  An ogre (D:4)
  A scorpion (D:3)
  A bullfrog skeleton (D:4)
  An orc priest (D:3)
  Jessica (D:2)
  Terence (D:3)
  3 orc wizards
  A worker ant (D:4)
  4 gnolls (D:3)
  4 adders
  3 oozes (D:1)
  A worm (D:3)
  2 dart slugs
  2 leopard geckos
  8 orcs
  A ball python (D:3)
  8 giant cockroaches
  7 goblins
  7 hobgoblins
  8 jackals
  5 kobolds
  3 quokkas
  10 bats
  2 frilled lizards
  9 rats
95 creatures vanquished.

Notes
Turn   | Place    | Note
-------+----------+-------------------------------------------
     0 | D:1      | taqueso the Spriggan Gladiator began the quest for the Orb.
     0 | D:1      | Reached XP level 1. HP: 10/10 MP: 2/2
     6 | D:1      | Noticed a polar bear
     7 | D:1      | Noticed a crocodile
     7 | D:1      | Noticed a lindwurm
    74 | D:1      | Reached XP level 2. HP: 14/15 MP: 3/3
   464 | D:1      | Reached XP level 3. HP: 18/18 MP: 4/4
   949 | D:2      | Noticed Sigmund
   951 | D:2      | Gained mutation: You have sharp fingernails. [potion of mutation]
   951 | D:2      | Gained mutation: You are weak. (Str -2) [potion of mutation]
   951 | D:2      | Gained mutation: You are partially covered in icy blue scales. (AC +2) [potion of mutation]
  1353 | D:2      | Killed Sigmund
  1353 | D:2      | Reached skill level 5 in Dodging
  1353 | D:2      | Reached XP level 4. HP: 7/23 MP: 5/5
  1353 | D:2      | Reached XP level 5. HP: 9/28 MP: 6/6
  1667 | D:2      | Reached skill level 6 in Dodging
  1777 | D:2      | Noticed Jessica
  1785 | D:2      | Killed Jessica
  2268 | D:3      | Reached XP level 6. HP: 32/32 MP: 7/7
  2939 | D:4      | Found a shadowy altar of Dithmenos.
  3176 | D:3      | Found a deep blue altar of Sif Muna.
  3464 | D:3      | Noticed Terence
  3480 | D:3      | Killed Terence
  3762 | D:3      | Reached skill level 7 in Dodging
  4176 | D:4      | Reached skill level 5 in Long Blades
  4176 | D:4      | Reached XP level 7. HP: 24/36 MP: 8/8
  4455 | D:4      | Found a sacrificial altar of Ru.
  4584 | D:4      | Noticed blobert's ghost (amateur GrBe)
  4703 | D:4      | Found a shimmering altar of Xom.
  4776 | D:4      | Slain by blobert's ghost

Skill      XL: |  1  2  3  4  5  6 |
---------------+-------------------+-----
Long Blades    | 3 4 5 |  5.3
Fighting       | 2 3 |  3.5
Dodging        | 5 6 7 |  7.5
Throwing       | |  2.0

Action                   |  1- 3 |  4- 6 |  7- 9 || total
-------------------------+-------+-------+-------++-------
Melee: Long sword        |    67 |   166 |    51 ||   284
Throw: Stone             |    66 |   146 |    38 ||   250
  Use: Potion            |     1 |       |       ||     1
       Scroll            |       |     6 |     1 ||     7
 Stab: Sleeping          |     1 |     1 |       ||     2
  Eat: Fruit             |       |       |     1 ||     1
Armor: Robe              |     6 |    17 |     3 ||    26
Dodge: Dodged            |    69 |   158 |    46 ||   273
       Rpst.: Long sword |    21 |    51 |    16 ||    88
